 Dungeon Crawl Stone Soup version 0.27-a0-1189-gb8eb6cee8e (webtiles) character file.

Game seed: 3892751979609253274

3526 Froggeryz the Fighter (level 10, -4/77 HPs)
             Began as a Djinni Hedge Wizard on May 23, 2021.
             Was an Initiate of Cheibriados.
             Slain by a two-headed ogre
             ... wielding a +0 giant club
              (23 damage)
             ... on level 8 of the Dungeon.
             The game lasted 00:23:52 (13377 turns).

Froggeryz the Fighter (Djinni Hedge Wizard)        Turns: 13377, Time: 00:23:53

Health: -4/77      AC:  6    Str: 10    XL:     10   Next: 29%
Gold:   578        EV: 20    Int: 21    God:    Cheibriados [......] SH:  0 Dex: 24

rFire    . . .     SeeInvis .   (weapon currently unavailable)
rCold    . . .     Faith    .   (shield currently unavailable)
rNeg     . . .     Spirit   .   (armour currently unavailable)
rPois    ∞         Reflect  .   (helmet currently unavailable)
rElec    .         Harm     .   (cloak currently unavailable)
rCorr    .         Rampage  .   (gloves currently unavailable)
Will     +....                  (boots unavailable)
Stlth    ++........             (no amulet)
HPRegen  0.22/turn              e - +4 ring of protection
MPRegen  0.00/turn              q - +6 ring of dexterity

@: spider-form, flying, very slow
A: venomous fangs, flying, sickness immunity, tiny, (fire resistance 2), (cold
vulnerability 1), float, innate caster, hp casting, extra vitality 1
a: End Transformation, Renounce Religion, Bend Time


You were on level 8 of the Dungeon.
You worshipped Cheibriados.
Cheibriados was noncommittal.
You were a venomous arachnid creature.
You visited 2 branches of the dungeon, and saw 9 of its levels.

You collected 578 gold pieces.

Inventory:

Missiles
 d - 2 throwing nets
Armour
 b - a +0 robe (melded)
 m - a +0 buckler (melded)
 n - a +0 helmet (melded)
Magical Staves
 g - a staff of air (melded)
Jewellery
 e - a +4 ring of protection (left front leg)
 q - a +6 ring of dexterity (right front leg)
 v - a +6 ring of strength
Wands
 x - a wand of iceblast (7)
 y - a wand of flame (12)
 A - a wand of digging (7)
Scrolls
 a - a scroll of torment {unknown}
 c - a scroll of acquirement {unknown}
 f - 11 scrolls of identify {unknown}
 i - 4 scrolls of teleportation {unknown}
 j - 2 scrolls of fear {unknown}
 l - a scroll of vulnerability {unknown}
 p - 4 scrolls of amnesia {unknown}
 r - 2 scrolls of summoning {unknown}
 u - a scroll of magic mapping {unknown}
Potions
 h - 3 potions of brilliance {unknown}
 k - a potion of heal wounds
 o - a potion of degeneration {unknown}
 s - a potion of curing {unknown}
 w - a potion of might {unknown}
 z - a potion of lignification {unknown}
 B - a potion of mutation {unknown}


   Skills:
 + Level 8.7 Fighting
 - Level 2.2 Dodging
 - Level 1.5 Stealth
 - Level 5.1 Shields
 + Level 7.9 Spellcasting


You had 2 spell levels left.
You knew the following spells:

 Your Spells              Type           Power      Damage    Failure   Level
a - Magic Dart            Conj           100%       1d8       2%          1
b - Blink                 Tloc           N/A        N/A       3%          2
c - Call Imp              Summ           41%        N/A       3%          2
d - Slow                  Hex            41%        N/A       3%          2
e - Conjure Flame         Conj/Fire      41%        6-21      4%          3
f - Mephitic Cloud        Conj/Pois/Air  41%        N/A       4%          3
g - Apportation           Tloc           82%        N/A       2%          1
h - Static Discharge      Conj/Air       41%        N/A       3%          2
i - Gell's Gravitas       Tloc           20%        N/A       4%          3
j - Spider Form           Tmut/Pois      20%        N/A       4%          3
Your spell library was empty.

Dungeon Overview and Level Annotations

Branches:
Dungeon (8/15)             Temple (1/1) D:4            Lair (0/6) D:8

Altars:
Ashenzari
Cheibriados
Dithmenos
Elyvilon
Fedhas
Gozag
Hepliaklqana
Kikubaaqudgha
Makhleb
Nemelex Xobeh
Qazlal
Sif Muna
Trog
Uskayaw
Vehumet
Wu Jian
Xom
Zin
The Shining One
Lugonu

Shops:
D:4 =


Innate Abilities, Weirdness & Mutations

You are a venomous arachnid creature.
You have poisonous fangs.
You are tiny and dextrous.
You are flying.
Your spellcasting is less reliable in this form.
Your armour is entirely melded.
You are incapable of wielding weapons or throwing items.
You are immune to sickness and miasma.
You are immune to poison.
((Your flesh is very heat resistant. (rF++)))
((You are vulnerable to cold. (rC-)))
You float through the air rather than walking.
You learn spells naturally, not from books.
Your magical power is your life essence.
You have superior vitality. (+4 HP)


Message History

Press: ? - help, Shift-Dir - straight line, f - two-headed ogre
Aim: a two-headed ogre, wielding a +0 giant club and a +0 giant spiked club (chance to affect: 53%)
You feel a surge of power!
The ball explodes into a vile cloud!
The stinking cloud engulfs the two-headed ogre but does no damage.
The two-headed ogre is engulfed in noxious fumes.
The two-headed ogre appears confused.
Casting: Mephitic Cloud (safe; 1% risk of failure)
Confirm with . or Enter, or press ? or * to list all spells.
Aiming: Slow (safe; 1% risk of failure)
Press: ? - help, Shift-Dir - straight line, f/p - two-headed ogre
Aim: a two-headed ogre, wielding a +0 giant club and a +0 giant spiked club (noxious fumes, lightly wounded, confused, chance to affect: 61%)
The two-headed ogre resists with significant effort.
The two-headed ogre is engulfed in noxious fumes.
Casting: Slow (safe; 1% risk of failure)
Confirm with . or Enter, or press ? or * to list all spells.
Aiming: Slow (safe; 1% risk of failure)
Press: ? - help, Shift-Dir - straight line, f/p - two-headed ogre
Aim: a two-headed ogre, wielding a +0 giant club and a +0 giant spiked club (lightly wounded, confused, chance to affect: 61%)
The two-headed ogre resists with significant effort.
Casting: Slow (safe; 1% risk of failure)
Confirm with . or Enter, or press ? or * to list all spells.
Aiming: Slow (safe; 1% risk of failure)
Press: ? - help, Shift-Dir - straight line, f/p - two-headed ogre
Aim: a two-headed ogre, wielding a +0 giant club and a +0 giant spiked club (lightly wounded, confused, chance to affect: 61%)
The two-headed ogre seems to slow down.
Casting: Slow (safe; 1% risk of failure)
Confirm with . or Enter, or press ? or * to list all spells.
You turn into a venomous arachnid creature.
Your staff of air melds into your body.
Your +0 helmet melds into your body.
Your +0 buckler melds into your body.
Your +0 robe melds into your body.
The two-headed ogre barely misses you.
The two-headed ogre hits you with a +0 giant spiked club!!
You hit the two-headed ogre but do no damage.
The two-headed ogre is poisoned.
The two-headed ogre is lightly wounded.
The two-headed ogre seems less confused.
The two-headed ogre hits you with a +0 giant club!!
* * * LOW HITPOINT WARNING * * *
The two-headed ogre hits you with a +0 giant spiked club!!
You die...

≈≈♣♣♣...# ### ≈≈♣
♣...##### #.## ###
##'##...### ##..#
..###...#.....###...# ##
..#.#...#......##...#..###
..'.'...#....#.##........#
..#.#...#..........°°...#
.[###...#..............##
'## #####.......sO○#..##
..###.............##.$#
...##..##.........# ..#
...##.##......#...# O.#
.......#..#..##...# ..
......###.##.##.... ...
#......##.##.#......
..#....##.. .........
.###....#.. .


You could see a two-headed ogre (very poisoned, slow).

Vanquished Creatures
  Eustachio (D:6)
  A steam dragon (D:6)
  Duvessa (D:4)
  2 water moccasins
  An ice beast (D:6)
  2 necrophages (D:5)
  2 sky beasts
  2 phantoms
  2 centaurs
  3 bullfrogs
  3 scorpions
  2 jellies
  A water moccasin skeleton (D:4)
  Dowan (D:4)
  10 killer bees
  3 howler monkeys (D:7)
  3 electric eels (D:6)
  A crimson imp (D:6)
  A centaur zombie (D:7)
  5 hounds
  2 orc priests
  A gnoll shaman (D:5)
  2 centaur skeletons
  Jessica (D:3)
  An iguana (D:5)
  7 orc wizards
  24 gnolls
  4 adders
  A white imp (D:8)
  3 adder skeletons (D:4)
  2 dart slugs
  30 orcs
  12 ball pythons
  4 endoplasms (D:3)
  2 giant cockroaches
  18 hobgoblins
  8 jackals
  6 quokkas
  3 bats (D:1)
  3 frilled lizards
  29 goblins
  10 kobolds
  7 rats
227 creatures vanquished.

Vanquished Creatures (collateral kills)
  A centaur skeleton (D:5)
  A gnoll (D:5)
2 creatures vanquished.

Vanquished Creatures (others)
  A human (D:3)
  A gnoll (D:6)
  A goblin (D:6)
  A hobgoblin (D:6)
4 creatures vanquished.

Grand Total: 233 creatures vanquished

Notes
Turn   | Place    | Note
-------+----------+-------------------------------------------
     0 | D:1      | Froggeryz the Djinni Hedge Wizard began the quest for the
                  | Orb.
     0 | D:1      | Reached XP level 1. HP: 15/15 MP: 0/0
   378 | D:1      | Found a faded altar of an unknown god.
   426 | D:1      | Reached XP level 2. HP: 17/21 MP: 0/0
  1008 | D:1      | Reached XP level 3. HP: 10/26 MP: 0/0
  1008 | D:1      | Learned a level 1 spell: Apportation
  1364 | D:1      | Reached skill level 1 in Fighting
  2494 | D:2      | Found a glowing silver altar of Zin.
  2747 | D:2      | Reached XP level 4. HP: 29/32 MP: 0/0
  3192 | D:3      | Noticed a human
  3195 | D:3      | Killed a human
  3835 | D:3      | Noticed Jessica
  3840 | D:3      | Killed Jessica
  3841 | D:3      | Reached XP level 5. HP: 22/38 MP: 0/0
  3841 | D:3      | Learned a level 2 spell: Static Discharge
  4006 | D:3      | Reached skill level 1 in Shields
  4218 | D:3      | Reached skill level 2 in Fighting
  5180 | D:4      | Noticed a bullfrog
  5192 | D:4      | Killed a bullfrog
  5193 | D:4      | Reached XP level 6. HP: 28/45 MP: 0/0
  5705 | D:4      | Reached skill level 3 in Fighting
  5921 | D:4      | Reached XP level 7. HP: 35/50 MP: 0/0
  5921 | D:4      | Learned a level 3 spell: Gell's Gravitas
  6062 | D:4      | Noticed Duvessa
  6064 | D:4      | Noticed Dowan
  6073 | D:4      | Killed Dowan
  6077 | D:4      | Killed Duvessa
  6078 | D:4      | Reached skill level 5 in Spellcasting
  6509 | D:4      | Found a broken altar of Ashenzari.
  6533 | D:4      | Found a staircase to the Ecumenical Temple.
  6540 | D:4      | Found Dujuhug's Jewellery Shoppe.
  6545 | Temple   | Entered the Ecumenical Temple
  6814 | D:5      | Entered Level 5 of the Dungeon
  6814 | D:5      | Noticed a water moccasin
  6822 | D:5      | Killed a water moccasin
  6823 | D:5      | Reached XP level 8. HP: 36/56 MP: 0/0
  7298 | D:5      | Reached skill level 5 in Shields
  7428 | D:5      | Reached skill level 4 in Fighting
  7644 | D:5      | Found a white marble altar of Elyvilon.
  7951 | D:6      | Reached skill level 5 in Fighting
  8057 | D:6      | Found a bloodstained altar of Trog.
  8092 | D:6      | Noticed Eustachio
  8101 | D:6      | Killed Eustachio
  8102 | D:6      | Reached XP level 9. HP: 45/65 MP: 0/0
  8102 | D:6      | Learned a level 3 spell: Spider Form
  8265 | D:6      | Found a burning altar of Makhleb.
  8286 | D:6      | Found a shimmering altar of Xom.
  8422 | D:6      | Found a snail-covered altar of Cheibriados.
  8479 | D:6      | Reached skill level 6 in Fighting
 10254 | D:6      | Reached skill level 7 in Fighting
 11387 | D:7      | Found a stormy altar of Qazlal.
 11387 | D:7      | Found a hide-covered altar of Uskayaw.
 11478 | D:7      | Reached XP level 10. HP: 64/76 MP: 0/0
 11611 | D:7      | Reached skill level 8 in Fighting
 12123 | D:7      | Found a hazy altar of Hepliaklqana.
 12241 | D:6      | Became a worshipper of Cheibriados the Contemplative
 12304 | D:7      | Found an opulent altar of Gozag.
 12853 | D:8      | Found a staircase to the Lair.
 13367 | D:8      | Noticed a two-headed ogre
 13377 | D:8      | Slain by a two-headed ogre

Illustrated notes

Levels and vault maps discovered:
D:1:      dpeg_arrival_arbitrary_b, layout_loops_corners,
          chequers_ecumenical_altar_simple_redux, grunt_decor_resistance,
          nrook_mini_backslash, serial_park_tiny_1, amcnicky_mini_pool_small,
          minmay_misc_feat_four_crosses, serial_bayou_crossing
D:2:      layout_basic, basic_altar
D:3:      layout_basic, tgw_kikubaaqudgha, uniq_jessica
D:4:      layout_basic, general_overflow_altar, temple_green, serial_shops,
          shop, hangedman_decor_opposing, uniq_duvessa
D:5:      layout_rooms, marbit_many_paths, serial_park_tiny_2
D:6:      minmay_goblin_kobold_castle, layout_basic,
          grunt_temple_overflow_champion_of_chaos, amcnicky_altar_gilded,
          nicolae_vehumet_radiance, lemuel_crystal_altar, minmay_crystal_room,
          item_on_display_a, uniq_eustachio
D:7:      layout_loops_ring, nicolae_hepliaklqana_hippocampus,
          kennysheep_mini_moat, gammafunk_temple_overflow_elements
D:8:      layout_cave_pools, lair_entry_dummy, nicolae_zen_rock_garden,
          grunt_ministairs_5
Temple:   corrupted_temple

Skill      XL: |  1  2  3  4  5  6  7  8  9 10 |
---------------+-------------------------------+-----
Spellcasting   | 3 4 5 7 |  7.9
Fighting       | 1 2 3 5 7 8 |  8.7
Shields        | 2 4 5 |  5.1
Dodging        | |  2.2
Stealth        | |  1.5

Action                   |  1- 3 |  4- 6 |  7- 9 | 10-12 || total
-------------------------+-------+-------+-------+-------++-------
Melee: Dagger            |    22 |       |       |       ||    22
       Staff             |     2 |     8 |    26 |    13 ||    49
       Unarmed           |       |       |    11 |     1 ||    12
 Cast: Magic Dart        |    82 |   148 |   233 |    77 ||   540
       Conjure Flame     |       |     6 |       |     2 ||     8
       Static Discharge  |       |     7 |    51 |     5 ||    63
       Mephitic Cloud    |       |     1 |    12 |     3 ||    16
       Gell's Gravitas   |       |       |    19 |     2 ||    21
       Slow              |       |       |     1 |     3 ||     4
       Call Imp          |       |       |     4 |       ||     4
       Spider Form       |       |       |     2 |     1 ||     3
  Use: Potion            |       |     3 |       |       ||     3
 Stab: Sleeping          |     3 |     1 |     1 |       ||     5
       Confused          |       |       |     3 |     1 ||     4
Armor: Robe              |    14 |    19 |    45 |    18 ||    96
       Skin              |       |       |     3 |       ||     3
Dodge: Dodged            |    34 |    33 |   102 |    26 ||   195
Block: Buckler           |       |       |    37 |    17 ||    54

Table legend: (Time is in decaauts)
 A = Elapsed time spent in this place.
 B = Non-inter-level travel time spent in this place.
 C = Inter-level travel time spent in this place.
 D = Time resting spent in this place.
 E = Time spent auto-exploring this place.
 F = Levels seen in this place.
 G = Mean time per level.
                   A        B        C        D        E       F      G
               +--------+--------+--------+--------+--------+-----+--------+
         Total |  13521 |  13165 |    356 |   2017 |   9738 |   9 | 1502.3 |
       Dungeon |  13473 |  13132 |    341 |   2017 |   9709 |   8 | 1684.1 |
        Temple |     47 |     32 |     15 |      0 |     29 |   1 |   47.0 |
               +--------+--------+--------+--------+--------+-----+--------+

Top non-repeatable levels by time:
     D:6: 2932 daAuts
     D:4: 2223 daAuts
     D:1: 1968 daAuts
     D:5: 1637 daAuts
     D:3: 1494 daAuts
     D:2: 1089 daAuts
     D:8: 1088 daAuts
     D:7: 1040 daAuts
  Temple: 47 daAuts
